| TOP OF THE 1ST |
|
Syracuse Chiefs batting - Pitching for Iowa Cubs : LHP Kyle Foster
|
|
Pitching: LHP Kyle Foster
|
|
|
Batting: RHB Ke-yue Hong
|
0-0: Foul Ball, location: 2F 0-1: Ball 1-1: Ball 2-1: Ball 3-1: Foul Ball, location: 2F 3-2: Foul Ball, location: 2F 3-2: Base on Balls
|
|
Batting: LHB Sidney Pedder
|
0-0: Called Strike 0-1: Ball 1-1: Ball 2-1: 2-RUN HOME RUN (Flyball, 89XD, EV 100.0 MPH), Distance : 409 ft
|
|
Batting: SHB Alex Ethridge
|
0-0: Ball 1-0: Ball 2-0: Ball 3-0: Base on Balls
|
|
Batting: RHB Donovan Auclair
|
0-0: Ball 1-0: Ball 2-0: Called Strike 2-1: Swinging Strike 2-2: Ball 3-2: Foul Ball, location: 2F 3-2: DOUBLE (Line Drive, 89XD, EV 110.6 MPH) Alex Ethridge to third Runner from 3rd tries for Home, SAFE, throw by RF to home
|
|
Batting: LHB Dillon Gonzalez
|
0-0: Called Strike 0-1: Foul Ball, location: 2F 0-2: Strikes out swinging
|
|
Batting: RHB Ben Welt
|
0-0: Foul Ball, location: 2F 0-1: Foul Ball, location: 2F 0-2: Ball 1-2: Foul Ball, location: 2F 1-2: Ball 2-2: Strikes out swinging
|
|
Batting: LHB Dana McDonald
|
0-0: Ball 1-0: Called Strike 1-1: Ball 2-1: Ground out 4-3 (Groundball, 4, EV 80.6 MPH)
|
| Top of the 1st over - 3 runs, 2 hits, 0 errors, 1 left on base; Syracuse 3 - Iowa 0 |
| BOTTOM OF THE 1ST |
|
Iowa Cubs batting - Pitching for Syracuse Chiefs : RHP Justin Ashton
|
|
Pitching: RHP Justin Ashton
|
|
|
Batting: LHB Jose Mojica
|
0-0: Foul Ball, location: 2F 0-1: Foul Ball, location: 2F 0-2: Ball 1-2: Ground out 6-3 (Groundball, 6, EV 112.5 MPH)
|
|
Batting: LHB Barend van der Kamp
|
0-0: Ball 1-0: Ground out 4-3 (Groundball, 4M, EV 85.0 MPH)
|
|
Batting: SHB Gerardo Flores
|
0-0: Called Strike 0-1: Swinging Strike 0-2: Ball 1-2: Fly out, F4 (Popup, 34, EV 66.9 MPH)
|
| Bottom of the 1st over - 0 runs, 0 hits, 0 errors, 0 left on base; Syracuse 3 - Iowa 0 |
| TOP OF THE 2ND |
|
Syracuse Chiefs batting - Pitching for Iowa Cubs : LHP Kyle Foster
|
|
Batting: RHB Rene Montoya
|
0-0: Ball 1-0: Ball 2-0: Called Strike 2-1: Ground out 6-3 (Groundball, 6, EV 105.6 MPH)
|
|
Batting: RHB Ryan Short
|
0-0: Foul Ball, location: 2F 0-1: SINGLE (Groundball, 56D, EV 96.2 MPH)
|
|
Batting: RHB Ke-yue Hong
|
0-0: Ball Ryan Short steals 2nd base 1-0: Called Strike 1-1: Ball 2-1: Ball 3-1: Base on Balls
|
|
Batting: LHB Sidney Pedder
|
0-0: Called Strike 0-1: Ball 1-1: Grounds into double play, 4-6-3 (Groundball, 4, EV 78.1 MPH)
|
| Top of the 2nd over - 0 runs, 1 hit, 0 errors, 1 left on base; Syracuse 3 - Iowa 0 |
| BOTTOM OF THE 2ND |
|
Iowa Cubs batting - Pitching for Syracuse Chiefs : RHP Justin Ashton
|
|
Batting: LHB Chris Morgan
|
0-0: Ball 1-0: Fly out, F9 (Flyball, 9, EV 81.2 MPH)
|
|
Batting: LHB John Criswell
|
0-0: Fly out, F9 (Flyball, 9S, EV 89.4 MPH)
|
|
Batting: SHB Tim Hone
|
0-0: Called Strike 0-1: Ball 1-1: Swinging Strike 1-2: Ball 2-2: Fly out, F9 (Flyball, 9, EV 89.4 MPH)
|
| Bottom of the 2nd over - 0 runs, 0 hits, 0 errors, 0 left on base; Syracuse 3 - Iowa 0 |
| TOP OF THE 3RD |
|
Syracuse Chiefs batting - Pitching for Iowa Cubs : LHP Kyle Foster
|
|
Batting: SHB Alex Ethridge
|
0-0: Called Strike 0-1: Ball 1-1: Foul Ball, location: 2F 1-2: Foul Ball, location: 2F 1-2: SINGLE (Line Drive, 6D, EV 95.0 MPH)
|
|
Batting: RHB Donovan Auclair
|
0-0: Ball Alex Ethridge is caught stealing 2nd base 2-4 1-0: Ball 2-0: DOUBLE (Groundball, 5L, EV 101.9 MPH)
|
|
Batting: LHB Dillon Gonzalez
|
0-0: Called Strike 0-1: Ball 1-1: SINGLE (Line Drive, 8RS, EV 106.2 MPH) Donovan Auclair to third Runner from 3rd tries for Home, SAFE, throw by CF to home
|
|
Batting: RHB Ben Welt
|
0-0: Called Strike 0-1: Fly out, F8 (Flyball, 89XD, EV 104.4 MPH)
|
|
Batting: LHB Dana McDonald
|
0-0: Foul Ball, location: 2F 0-1: Called Strike 0-2: Ball Dillon Gonzalez is caught stealing 2nd base 2-6
|
| Top of the 3rd over - 1 run, 3 hits, 0 errors, 0 left on base; Syracuse 4 - Iowa 0 |
| BOTTOM OF THE 3RD |
|
Iowa Cubs batting - Pitching for Syracuse Chiefs : RHP Justin Ashton
|
|
Batting: SHB Nick Chandler
|
0-0: Called Strike 0-1: Foul Ball, location: 2F 0-2: Ball 1-2: Foul Ball, location: 2F 1-2: Strikes out swinging
|
|
Batting: LHB Bobby Adams
|
0-0: SINGLE (Groundball, 4MS, EV 67.5 MPH) (infield hit)
|
|
Batting: SHB R.J. Vargas
|
0-0: Ball 1-0: SINGLE (Line Drive, 6D, EV 98.8 MPH) Bobby Adams to second
|
|
Batting: LHB Jose Mojica
|
0-0: Ball 1-0: Called Strike 1-1: Ball 2-1: Ball 3-1: Foul Ball, location: 2F 3-2: Grounds out, U3 (Groundball, 3L, EV 87.5 MPH) Bobby Adams to third
|
|
Batting: LHB Barend van der Kamp
|
0-0: Ball 1-0: Called Strike 1-1: Foul Ball, location: 2F 1-2: Ball 2-2: SINGLE (Groundball, 34D, EV 102.5 MPH) Bobby Adams scores R.J. Vargas to third
|
|
Batting: SHB Gerardo Flores
|
0-0: Called Strike 0-1: Foul Ball, location: 2F 0-2: Foul Ball, location: 2F 0-2: Ball 1-2: Fly out, F8 (Line Drive, 8LD, EV 89.4 MPH)
|
| Bottom of the 3rd over - 1 run, 3 hits, 0 errors, 2 left on base; Syracuse 4 - Iowa 1 |
| TOP OF THE 4TH |
|
Syracuse Chiefs batting - Pitching for Iowa Cubs : LHP Kyle Foster
|
|
Batting: LHB Dana McDonald
|
0-0: Ball 1-0: Ball 2-0: Ball 3-0: Base on Balls
|
|
Batting: RHB Rene Montoya
|
0-0: Called Strike 0-1: Foul Ball, location: 2F 0-2: Ball 1-2: Strikes out looking
|
|
Batting: RHB Ryan Short
|
0-0: Ball 1-0: Called Strike 1-1: Ball 2-1: Ball 3-1: Called Strike 3-2: Base on Balls Dana McDonald to second
|
|
Batting: RHB Ke-yue Hong
|
0-0: Ball 1-0: Ball 2-0: Ground out 5-3 (Groundball, 56S, EV 70.0 MPH) Dana McDonald to third Ryan Short to second
|
|
Batting: LHB Sidney Pedder
|
0-0: Called Strike 0-1: Ball 1-1: Fly out, F7 (Flyball, 7LM, EV 104.4 MPH)
|
| Top of the 4th over - 0 runs, 0 hits, 0 errors, 2 left on base; Syracuse 4 - Iowa 1 |
| BOTTOM OF THE 4TH |
|
Iowa Cubs batting - Pitching for Syracuse Chiefs : RHP Justin Ashton
|
|
Batting: LHB Chris Morgan
|
0-0: Ball 1-0: Foul Ball, location: 2F 1-1: Called Strike 1-2: Ball 2-2: Strikes out swinging
|
|
Batting: LHB John Criswell
|
0-0: Ball 1-0: Called Strike 1-1: Ground out 1-3 (Groundball, P, EV 65.6 MPH)
|
|
Batting: SHB Tim Hone
|
0-0: Ball 1-0: Foul Ball, location: 2F 1-1: Ball 2-1: Ball 3-1: Base on Balls
|
|
Batting: SHB Nick Chandler
|
0-0: Ground out U3 (Groundball, 3L, EV 86.2 MPH)
|
| Bottom of the 4th over - 0 runs, 0 hits, 0 errors, 1 left on base; Syracuse 4 - Iowa 1 |
| TOP OF THE 5TH |
|
Syracuse Chiefs batting - Pitching for Iowa Cubs : LHP Kyle Foster
|
|
Batting: SHB Alex Ethridge
|
0-0: Called Strike 0-1: Ball 1-1: Called Strike 1-2: Ball 2-2: Ball 3-2: Foul Ball, location: 2F 3-2: Base on Balls
|
|
Batting: RHB Donovan Auclair
|
0-0: Ball 1-0: Foul Ball, location: 2F 1-1: Ball 2-1: Foul Ball, location: 2F 2-2: SINGLE (Line Drive, 4D, EV 97.5 MPH) Alex Ethridge to second Runner from 2nd tries for 3rd, OUT! 8-5
|
|
Batting: LHB Dillon Gonzalez
|
0-0: Foul Ball, location: 2F 0-1: Foul Ball, location: 2F 0-2: Ball 1-2: Fly out, F8 (Line Drive, 8LM, EV 91.2 MPH)
|
|
Pitching: LHP Steve McClain
|
|
|
Batting: RHB Ben Welt
|
0-0: Foul Ball, location: 2F 0-1: 2-RUN HOME RUN (Flyball, 8LXD, EV 108.8 MPH), Distance : 427 ft
|
|
Batting: LHB Dana McDonald
|
0-0: SOLO HOME RUN (Flyball, 7LD, EV 98.8 MPH), Distance : 362 ft
|
|
Batting: RHB Rene Montoya
|
0-0: Called Strike 0-1: Swinging Strike 0-2: Ground out 5-3 (Groundball, 56, EV 78.8 MPH)
|
| Top of the 5th over - 3 runs, 3 hits, 0 errors, 0 left on base; Syracuse 7 - Iowa 1 |
| BOTTOM OF THE 5TH |
|
Iowa Cubs batting - Pitching for Syracuse Chiefs : RHP Justin Ashton
|
|
Batting: LHB Bobby Adams
|
0-0: Called Strike 0-1: Ball 1-1: Ground out 5-3 (Groundball, 56, EV 84.4 MPH)
|
|
Batting: SHB R.J. Vargas
|
0-0: Ball 1-0: Ball 2-0: Called Strike 2-1: Reached on error, E5 (Groundball, 56, EV 103.8 MPH)
|
|
Batting: LHB Jose Mojica
|
0-0: Ball 1-0: Ball 2-0: Foul Ball, location: 2F 2-1: Grounds into double play, 4-6-3 (Groundball, 4, EV 101.9 MPH)
|
| Bottom of the 5th over - 0 runs, 0 hits, 1 error, 0 left on base; Syracuse 7 - Iowa 1 |
| TOP OF THE 6TH |
|
Syracuse Chiefs batting - Pitching for Iowa Cubs : LHP Steve McClain
|
|
Batting: RHB Ryan Short
|
0-0: Ground out 4-3 (Groundball, 4MD, EV 88.8 MPH)
|
|
Batting: RHB Ke-yue Hong
|
0-0: Ball 1-0: Ball 2-0: Ball 3-0: Base on Balls
|
|
Batting: LHB Sidney Pedder
|
0-0: Ball Ke-yue Hong steals 2nd base 1-0: Ball 2-0: Ball 3-0: Called Strike 3-1: Called Strike 3-2: Foul Ball, location: 2F 3-2: Fly out, F3 (Line Drive, 3, EV 71.9 MPH)
|
|
Batting: SHB Alex Ethridge
|
0-0: Called Strike 0-1: Swinging Strike 0-2: Ball 1-2: Ball 2-2: Foul Ball, location: 2F 2-2: Foul Ball, location: 2F 2-2: Strikes out looking
|
| Top of the 6th over - 0 runs, 0 hits, 0 errors, 1 left on base; Syracuse 7 - Iowa 1 |
| BOTTOM OF THE 6TH |
|
Iowa Cubs batting - Pitching for Syracuse Chiefs : RHP Justin Ashton
|
|
Batting: LHB Barend van der Kamp
|
0-0: Swinging Strike 0-1: Fly out, F6 (Popup, 15S, EV 93.1 MPH)
|
|
Batting: SHB Gerardo Flores
|
0-0: Ball 1-0: Foul Ball, location: 2F 1-1: Ball 2-1: Ball 3-1: Base on Balls
|
|
Batting: LHB Chris Morgan
|
0-0: Fly out, F9 (Flyball, 9LM, EV 86.2 MPH)
|
|
Batting: LHB John Criswell
|
0-0: Called Strike 0-1: Foul Ball, location: 2F 0-2: Ball 1-2: Ball 2-2: Ball 3-2: Ground out U3 (Groundball, 3S, EV 94.4 MPH)
|
| Bottom of the 6th over - 0 runs, 0 hits, 0 errors, 1 left on base; Syracuse 7 - Iowa 1 |
| TOP OF THE 7TH |
|
Syracuse Chiefs batting - Pitching for Iowa Cubs : LHP Steve McClain
|
|
Batting: RHB Donovan Auclair
|
0-0: Ball 1-0: Ball 2-0: Ball 3-0: Called Strike 3-1: Ground out 6-3 (Groundball, 6, EV 81.2 MPH)
|
|
Batting: LHB Dillon Gonzalez
|
0-0: Foul Ball, location: 2F 0-1: Swinging Strike 0-2: Fly out, F9 (Flyball, 9LS, EV 89.4 MPH)
|
|
Batting: RHB Ben Welt
|
0-0: Foul Ball, location: 2F 0-1: Swinging Strike 0-2: Strikes out swinging
|
| Top of the 7th over - 0 runs, 0 hits, 0 errors, 0 left on base; Syracuse 7 - Iowa 1 |
| BOTTOM OF THE 7TH |
|
Iowa Cubs batting - Pitching for Syracuse Chiefs : RHP Justin Ashton
|
|
Batting: SHB Tim Hone
|
0-0: Called Strike 0-1: Called Strike 0-2: Ground out 4-3 (Groundball, 4, EV 98.1 MPH)
|
|
Batting: SHB Nick Chandler
|
0-0: Foul Ball, location: 2F 0-1: Swinging Strike 0-2: Ball 1-2: Foul Ball, location: 2F 1-2: Foul Ball, location: 2F 1-2: Foul Ball, location: 2F 1-2: Strikes out swinging
|
|
Batting: LHB Bobby Adams
|
0-0: Called Strike 0-1: SINGLE (Groundball, 4MD, EV 110.0 MPH)
|
|
Batting: SHB R.J. Vargas
|
0-0: Called Strike 0-1: Ball 1-1: Ball 2-1: Foul Ball, location: 2F 2-2: Foul Ball, location: 2F 2-2: SINGLE (Groundball, 5D, EV 95.6 MPH) Bobby Adams to second
|
|
Pitching: RHP Jose Barreras
|
|
|
Batting: LHB Jose Mojica
|
0-0: Ground out 4-3 (Groundball, 4, EV 80.6 MPH)
|
| Bottom of the 7th over - 0 runs, 2 hits, 0 errors, 2 left on base; Syracuse 7 - Iowa 1 |
| TOP OF THE 8TH |
|
Syracuse Chiefs batting - Pitching for Iowa Cubs : LHP Steve McClain
|
|
Pitching: LHP Shane Stratton
|
|
|
Batting: LHB Dana McDonald
|
0-0: Called Strike 0-1: Ball 1-1: Ball 2-1: Ball 3-1: Ground out 4-3 (Groundball, 4, EV 83.1 MPH)
|
|
Batting: RHB Rene Montoya
|
0-0: Called Strike 0-1: Foul Ball, location: 2F 0-2: Ball 1-2: SINGLE (Flyball, 89S, EV 87.5 MPH)
|
|
Batting: RHB Ryan Short
|
0-0: Ball 1-0: Called Strike 1-1: Called Strike 1-2: Strikes out swinging
|
|
Batting: RHB Ke-yue Hong
|
0-0: Called Strike 0-1: Swinging Strike 0-2: Ball 1-2: Strikes out looking
|
| Top of the 8th over - 0 runs, 1 hit, 0 errors, 1 left on base; Syracuse 7 - Iowa 1 |
| BOTTOM OF THE 8TH |
|
Iowa Cubs batting - Pitching for Syracuse Chiefs : RHP Jose Barreras
|
|
Batting: LHB Barend van der Kamp
|
0-0: Called Strike 0-1: Ball 1-1: Swinging Strike 1-2: Ball 2-2: Foul Ball, location: 2F 2-2: Fly out, F2 (Popup, 2LF, EV 93.1 MPH)
|
|
Batting: SHB Gerardo Flores
|
0-0: Swinging Strike 0-1: Ball 1-1: Ground out 1-3 (Groundball, 13S, EV 66.2 MPH)
|
|
Batting: LHB Chris Morgan
|
0-0: Ball 1-0: Ball 2-0: Called Strike 2-1: Ground out U3 (Groundball, 3, EV 91.9 MPH)
|
| Bottom of the 8th over - 0 runs, 0 hits, 0 errors, 0 left on base; Syracuse 7 - Iowa 1 |
| TOP OF THE 9TH |
|
Syracuse Chiefs batting - Pitching for Iowa Cubs : LHP Shane Stratton
|
|
Batting: LHB Sidney Pedder
|
0-0: Ball 1-0: Called Strike 1-1: Called Strike 1-2: Strikes out looking
|
|
Batting: SHB Alex Ethridge
|
0-0: Called Strike 0-1: Ball 1-1: Ball 2-1: Ball 3-1: Base on Balls
|
|
Batting: RHB Donovan Auclair
|
0-0: Called Strike 0-1: Called Strike 0-2: Strikes out looking
|
|
Batting: LHB Dillon Gonzalez
|
0-0: Ball 1-0: Ball 2-0: DOUBLE (Line Drive, 78XD, EV 105.0 MPH) Alex Ethridge to third Runner from 3rd tries for Home, SAFE, throw by LF to home
|
|
Batting: RHB Ben Welt
|
0-0: Foul Ball, location: 2F 0-1: Foul Ball, location: 2F 0-2: Ground out 4-3 (Groundball, 4M, EV 100.0 MPH)
|
| Top of the 9th over - 1 run, 1 hit, 0 errors, 1 left on base; Syracuse 8 - Iowa 1 |
| BOTTOM OF THE 9TH |
|
Iowa Cubs batting - Pitching for Syracuse Chiefs : RHP Jose Barreras
|
|
Batting: LHB John Criswell
|
0-0: Ball 1-0: Ball 2-0: Fly out, F9 (Flyball, 89D, EV 102.5 MPH)
|
|
Batting: SHB Tim Hone
|
0-0: Called Strike 0-1: Called Strike 0-2: Ball 1-2: Foul Ball, location: 2F 1-2: Ball 2-2: Ball 3-2: Ground out 6-3 (Groundball, 6, EV 107.5 MPH)
|
|
Batting: SHB Nick Chandler
|
0-0: Called Strike 0-1: Swinging Strike 0-2: Ball 1-2: Ball 2-2: Foul Ball, location: 2F 2-2: Strikes out swinging
|
| Bottom of the 9th over - 0 runs, 0 hits, 0 errors, 0 left on base; Syracuse 8 - Iowa 1 |
|